 Dungeon Crawl Stone Soup version 0.30-a0-930-gb9d0489357 (webtiles) character file.

Game seed: 9041375924104100422

133 dialectric the Slasher (level 4, 0/35 HPs)
             Began as a Demonspawn Fighter on Mar 23, 2023.
             Was an Initiate of Trog.
             Slain by an orc warrior
             ... wielding a +0 hand axe
              (2 damage)
             ... in the Ecumenical Temple.
             The game lasted 00:03:05 (1986 turns).

dialectric the Slasher (Demonspawn Fighter)         Turns: 1986, Time: 00:03:05

Health: 0/35       AC:  8    Str: 18    XL:     4   Next: 94%
Magic:  4/4        EV: 10    Int: 10    God:    Trog [......]
Gold:   144        SH:  0    Dex: 12    Spells: 3/3 levels left

rFire   . . .      SeeInvis .    a - +0 long sword
rCold   . . .      Faith    .    (no shield)
rNeg    . . .      Spirit   .    b - +0 scale mail
rPois   .          Reflect  .    (no helmet)
rElec   .          Rampage  .    (no cloak)
rCorr   .                        (no gloves)
Will    .....                    (no boots) Stlth
                                 (no amulet)
HPRegen 0.25/turn                (no ring)
MPRegen 0.09/turn                (no ring)

@: no status effects
A: molten scales 1, weakness stinger 1
a: Renounce Religion


You were in the Ecumenical Temple.
You worshipped Trog.
Trog was noncommittal.
You visited 2 branches of the dungeon, and saw 8 of its levels.

You collected 144 gold pieces.

Inventory:

Hand Weapons
 a - a +0 long sword (weapon)
Missiles
 f - 2 javelins
 q - 11 poisoned darts (quivered)
 s - a throwing net
Armour
 b - a +0 scale mail (worn)
 c - a +0 buckler
Wands
 d - a wand of polymorph (5)
Scrolls
 e - a scroll of poison {unknown}
 g - a scroll of immolation
 h - 4 scrolls of identify {unknown}
 j - 2 scrolls of noise {unknown}
 l - a scroll of enchant armour {unknown}
 m - 2 scrolls of magic mapping {unknown}
 n - a scroll of fear {unknown}
 o - a scroll of brand weapon {unknown}
 p - a scroll of blinking {unknown}
 r - a scroll of fog {unknown}
Potions
 i - a potion of attraction
 k - a potion of mutation {unknown}


   Skills:
 + Level 3.4 Fighting
 * Level 3.5 Long Blades
 + Level 3.2 Armour
 + Level 1.3 Dodging
 + Level 0.1 Stealth
 - Level 2.6 Shields
 + Level 0.4 Unarmed Combat


You had 3 spell levels left.
You didn't know any spells.
Your spell library contained the following spells:

 Spells                   Type           Power      Damage    Failure   Level
 Static Discharge         Conj/Air       0%         2-2/arc   87%         2
 Vhi's Electric Charge    Tloc/Air       0%         N/A       98%         3
 Arcjolt                  Conj/Air       0%         1d10      100%        5
 Plasma Beam              Fire/Air       0%         2x1d11    100%        5


Dungeon Overview and Level Annotations

Branches:
Dungeon (8/15)             Temple (1/1) D:7
   Lair: D:8-11

Altars:
Ashenzari
Cheibriados
Gozag
Hepliaklqana
Kikubaaqudgha
Makhleb
Nemelex Xobeh
Qazlal
Ru
Sif Muna
Trog
Vehumet
Xom
Yredelemnul

Annotations:
D:3 Sigmund
Temple 2 transporters


Innate Abilities, Weirdness & Mutations

You are partially covered in molten scales. (AC +2)
You have a small tail.


Message History

You enter the transporter and appear at another place.
There is a staircase back to the Dungeon here.
There is a staircase back to the Dungeon here.
You climb upwards.
Welcome back to the Dungeon!
The orc shouts!
There is a staircase to the Ecumenical Temple here.
The orc warrior hits you with a +0 hand axe!
You climb downwards.
Welcome back to the Ecumenical Temple!
Level annotation: 2 transporters
There is a staircase back to the Dungeon here.
Unknown command.
You hit the orc warrior but do no damage.
The orc warrior hits you with a +0 hand axe.
You closely miss the orc warrior.
The orc warrior hits you with a +0 hand axe.
You hit the orc warrior.
The orc warrior is lightly wounded.
The orc warrior barely misses you.
The orc warrior hits you with a +0 hand axe.
You hit the orc warrior but do no damage.
Your tail-slap misses the orc warrior.
You punch the orc warrior, but do no damage.
The orc warrior is lightly wounded.
The orc warrior hits you with a +0 hand axe.
You barely miss the orc warrior.
The orc warrior is lightly wounded.
The orc warrior hits you with a +0 hand axe!
* * * LOW HITPOINT WARNING * * *
You barely miss the orc warrior. You tail-slap the orc warrior.
The orc warrior is lightly wounded.
The orc warrior hits you but does no damage.
You hit the orc warrior but do no damage.
The orc warrior is lightly wounded.
The orc warrior hits you with a +0 hand axe!
* * * LOW HITPOINT WARNING * * *
The orc warrior hits you but does no damage.
You hit the orc warrior but do no damage.
The orc warrior is lightly wounded.
The orc warrior hits you with a +0 hand axe.
You die...

#_.....#8.8#.....
#.....©#©.©#©....
#.._...#...#.._..
#......#...#.....
#....._#...#_....
##.....#...#...._
###...#...#...##
##..#...#..##
##_#.@.#_##
###.o.### #####


You could see an orc warrior.

Vanquished Creatures
  Natasha (thrice) (D:2)
  2 adders (D:4)
  4 ball pythons
  A bat (D:1)
  An endoplasm (D:1)
  3 giant cockroaches
  5 goblins
  6 hobgoblins
  3 jackals (D:2)
  4 kobolds
  2 quokkas (D:1)
  3 frilled lizards
  2 rats (D:1)
39 creatures vanquished.

Notes
Turn   | Place    | Note
-------+----------+-------------------------------------------
     0 | D:1      | dialectric the Demonspawn Fighter began the quest for the
                  | Orb.
     0 | D:1      | Reached XP level 1. HP: 18/18 MP: 1/1
   220 | D:1      | Gained mutation: You are partially covered in molten
                  | scales. (AC +2) [demonic ancestry]
   220 | D:1      | Reached XP level 2. HP: 24/24 MP: 2/2
   914 | D:2      | Reached XP level 3. HP: 29/29 MP: 3/3
   950 | D:2      | Noticed Natasha
   959 | D:2      | Killed Natasha
   960 | D:2      | Reached skill level 1 in Dodging
  1209 | D:2      | Noticed Natasha
  1216 | D:2      | Killed Natasha
  1217 | D:2      | Gained mutation: You have a small tail. [demonic ancestry]
  1217 | D:2      | Reached XP level 4. HP: 34/35 MP: 4/4
  1297 | D:2      | Noticed Natasha
  1324 | D:2      | HP: 1/35 [shadow imp[Natasha] (2)]
  1326 | D:2      | Killed Natasha
  1674 | D:3      | Found a shimmering blue altar of Sif Muna.
  1712 | D:3      | Noticed Sigmund
  1835 | D:4      | You fall into a shaft and drop 3 floors!
  1843 | D:6      | Noticed a kobold brigand
  1909 | D:8      | Noticed a steam dragon
  1925 | D:7      | Found a staircase to the Ecumenical Temple.
  1940 | D:7      | Noticed an orc warrior
  1942 | Temple   | Entered the Ecumenical Temple
  1942 | Temple   | Found a transporter.
  1942 | Temple   | Found a transporter.
  1944 | Temple   | Found a transporter.
  1944 | Temple   | Found a transporter.
  1957 | Temple   | Became a worshipper of Trog the Wrathful
  1985 | Temple   | HP: 1/35 [orc warrior/+0 hand axe (7)]
  1986 | Temple   | Slain by an orc warrior

Illustrated notes

Levels and vault maps discovered:
D:1:      zaba_arrival_water, layout_loops_ring,
          nicolae_concentric_dashed_squares_mild,
          hangedman_abyss_or_decor_stabs, minmay_misc_feat_columns,
          supply_closet_lemuel, minmay_cut_off
D:2:      layout_rooms, uniq_natasha
D:3:      layout_loops_corners, old_standard_altar, serial_forest,
          infiniplex_forest_straight_4, infiniplex_forest_straight_1,
          infiniplex_forest_end_double, infiniplex_forest_clump_small,
          infiniplex_forest_clump_cross, infiniplex_forest_clump_long,
          uniq_robin, uniq_pargi, uniq_sigmund, uniq_grinder
D:4:      layout_loops_ring, nicolae_overflow_crystal_walls, uniq_duvessa
D:6:      layout_rooms, mainiacjoe_overflow_catch_the_wave,
          gammafunk_ghost_split, lemuel_flame_loot_1, uniq_crazy_yiuf_cottage
D:7:      minmay_octagon_keep, layout_rooms, minmay_temple_entry_ruins,
          serial_shops, nicolae_shop_trees
D:8:      minmay_cornered_nines, layout_rooms, enter_bailey_2
Temple:   hellmonk_temple_divided_pantheon

Skill      XL: |  1  2  3 |
---------------+----------+-----
Long Blades    | 2 3 |  3.5
Armour         | 3 |  3.2
Dodging        | 1 |  1.3
Fighting       | |  3.4
Stealth        | |  0.1
Shields        | |  2.6
Unarmed Combat | |  0.4

Action                     |  1- 3 |  4- 6 || total
---------------------------+-------+-------++-------
  Melee: Long sword        |   127 |    20 ||   147
         Unarmed           |     2 |    17 ||    19
         Tailslap          |       |     1 ||     1
         Punch             |       |     1 ||     1
  Throw: Javelin           |     2 |       ||     2
    Use: Potion            |     1 |     5 ||     6
         Scroll            |     1 |       ||     1
   Stab: Distracted        |     1 |       ||     1
         Confused          |     1 |       ||     1
 Armour: Scale mail        |    74 |    16 ||    90
  Dodge: Dodged            |    81 |    25 ||   106

Table legend: (Time is in decaauts)
 A = Elapsed time spent in this place.
 B = Non-inter-level travel time spent in this place.
 C = Inter-level travel time spent in this place.
 D = Time resting spent in this place.
 E = Time spent auto-exploring this place.
 F = Levels seen in this place.
 G = Mean time per level.
                   A        B        C        D        E       F      G
               +--------+--------+--------+--------+--------+-----+--------+
         Total |   2022 |   1926 |     96 |    180 |   1206 |   8 |  252.8 |
       Dungeon |   1978 |   1882 |     96 |    180 |   1206 |   7 |  282.6 |
        Temple |     43 |     43 |      0 |      0 |      0 |   1 |   43.0 |
               +--------+--------+--------+--------+--------+-----+--------+

Top non-repeatable levels by time:
     D:1: 944 daAuts
     D:2: 733 daAuts
     D:4: 101 daAuts
     D:7: 94 daAuts
     D:3: 89 daAuts
  Temple: 43 daAuts
     D:8: 8 daAuts
     D:6: 6 daAuts
